[Event "7th Iberoamerican-ch 2019"]
[Site "Linares"]
[Date "2019.08.12"]
[Round "3.28"]
[White "Sanchez Jerez, Emilio Miguel"]
[Black "Vega Gutierrez, Sabrina"]
[Result "0-1"]
[ECO "B23"]
[WhiteElo "2232"]
[BlackElo "2385"]
[Annotator "NA"]
[PlyCount "68"]
[EventDate "2019.08.10"]
[EventType "swiss"]
[EventCountry "ESP"]
[SourceTitle "playchess.com"]
[Source "ChessBase"]
[SourceQuality "1"]
[TimeControl "5400+30"]

1. e4 c5 2. Nc3 e6 3. Nf3 Nc6 4. Bb5 Nge7 5. O-O a6 6. Bxc6 Nxc6 7. d4 cxd4 8. Nxd4 d6 9. Nxc6 bxc6 10. Qf3 Rb8 11. Qg3 h5 12. h4 e5 13. f4 Bg4 14. fxe5 dxe5 15. Qxe5+ Be7 16. Bg5 f6 17. Bxf6 gxf6 18. Rxf6 Rb4 19. Rxc6 Qd4+ 20. Qxd4 Rxd4 21. Rxa6 O-O 22. Rf1 Rxf1+ 23. Kxf1 Bxh4 24. Kg1 Rd2 25. Nd5 Kg7 26. Ra7+ Kg6 27. Nf4+ Kg5 28. Nh3+ Bxh3 29. Ra5+ Kg4 30. gxh3+ Kxh3 31. Ra3+ Bg3 32. Kf1 Rf2+ 33. Ke1 Kg2 34. e5 Rf3+ 0-1

[Event "7th Iberoamerican-ch 2019"]
[Site "Linares"]
[Date "2019.08.12"]
[Round "3.29"]
[White "Vega Gutierrez, Belinda"]
[Black "Cruz Ravina, Francisco Javier"]
[Result "0-1"]
[ECO "B02"]
[WhiteElo "2133"]
[BlackElo "2363"]
[Annotator "NA"]
[PlyCount "96"]
[EventDate "2019.08.10"]
[EventType "swiss"]
[EventCountry "ESP"]
[SourceTitle "playchess.com"]
[Source "ChessBase"]
[SourceQuality "1"]
[TimeControl "5400+30"]

1. e4 Nf6 2. e5 Nd5 3. c4 Nb6 4. c5 Nd5 5. Bc4 e6 6. d4 d6 7. cxd6 cxd6 8. Nf3 Be7 9. O-O O-O 10. Qb3 Nc6 11. Bxd5 exd5 12. Nc3 dxe5 13. dxe5 d4 14. Nd5 Be6 15. Nxe7+ Qxe7 16. Qa4 Qc5 17. Bf4 Qd5 18. Rfe1 Rfd8 19. Nd2 Bf5 20. Qc4 Qd7 21. Ne4 Bxe4 22. Rxe4 Qd5 23. Qxd5 Rxd5 24. Rd1 Rad8 25. f3 Ra5 26. a3 Rb5 27. Rd2 Rb3 28. Kf2 Rd5 29. e6 fxe6 30. Rxe6 Kf7 31. Re4 Rdb5 32. Ree2 g5 33. Bc7 d3 34. Re3 Rd5 35. g4 b5 36. h3 h6 37. f4 gxf4 38. Bxf4 Na5 39. Rf3 Kg6 40. Kg3 Nc4 41. Rd1 a5 42. Rdf1 a4 43. Bd2 Rd6 44. Bb4 Rxb4 45. axb4 d2 46. h4 Rd7 47. Rf6+ Kg7 48. R6f5 Ne3 0-1

[Event "7th Iberoamerican-ch 2019"]
[Site "Linares"]
[Date "2019.08.12"]
[Round "3.31"]
[White "Moreno Bello, Miguel"]
[Black "Perez Garcia, Alejandro"]
[Result "0-1"]
[ECO "C41"]
[WhiteElo "1544"]
[BlackElo "2347"]
[Annotator "NA"]
[PlyCount "94"]
[EventDate "2019.08.10"]
[EventType "swiss"]
[EventCountry "ESP"]
[SourceTitle "playchess.com"]
[Source "ChessBase"]
[SourceQuality "1"]
[TimeControl "5400+30"]

1. e4 d6 2. d4 Nf6 3. Nc3 e5 4. Nf3 Nbd7 5. Bc4 Be7 6. Bxf7+ Kxf7 7. Ng5+ Kg8 8. Ne6 Qe8 9. Nxc7 Qg6 10. Nxa8 Qxg2 11. Rf1 b5 12. Qe2 exd4 13. f3 Qh3 14. Nxb5 Ne5 15. Nxd4 Nh5 16. Be3 Bh4+ 17. Kd2 h6 18. Nc7 Kh7 19. Nd5 Rf8 20. Rad1 a5 21. Kc1 a4 22. a3 Bd7 23. Nb6 Rb8 24. Nxd7 Qxd7 25. Kb1 Qb7 26. Bc1 Bg5 27. c3 Bxc1 28. Kxc1 Nf4 29. Qc2 Nc4 30. e5+ Kh8 31. Rf2 Ne3 32. Qe4 Nxd1 33. Qxb7 Nd3+ 34. Kxd1 Nxf2+ 35. Kc2 Rxb7 36. exd6 Rb6 37. Nf5 Kh7 38. c4 g6 39. c5 Rc6 40. Ne7 Rxc5+ 41. Kd2 Rc4 42. Ke3 Nd1+ 43. Ke2 Rd4 44. Nc8 Kg7 45. f4 Kf6 46. h4 h5 47. b4 axb3 0-1

[Event "7th Iberoamerican-ch 2019"]
[Site "Linares"]
[Date "2019.08.12"]
[Round "3.32"]
[White "Paiva, Henrique M A Alberga"]
[Black "Domingo Nunez, Ruben"]
[Result "0-1"]
[ECO "B40"]
[WhiteElo "2122"]
[BlackElo "2318"]
[Annotator "NA"]
[PlyCount "86"]
[EventDate "2019.08.10"]
[EventType "swiss"]
[EventCountry "ESP"]
[SourceTitle "playchess.com"]
[Source "ChessBase"]
[SourceQuality "1"]
[TimeControl "5400+30"]

1. e4 c5 2. Nf3 e6 3. b3 b6 4. Bb2 Bb7 5. Nc3 a6 6. d4 cxd4 7. Nxd4 Nc6 8. Nxc6 Bxc6 9. Bd3 Qc7 10. Qe2 Bb7 11. O-O-O Bd6 12. Kb1 Ne7 13. Qh5 Ng6 14. Ne2 Be5 15. c3 O-O 16. g3 d5 17. exd5 Bxd5 18. Rhe1 Bf6 19. f4 Qc6 20. f5 Bf3 21. Qh3 exf5 22. Qxf5 Rad8 23. Nd4 Bxd4 24. cxd4 Bxd1 25. Rxd1 b5 26. h4 Qe6 27. Qf3 Rfe8 28. h5 Nf8 29. d5 Qh6 30. Qf5 Rd7 31. Bc1 Qf6 32. Qg4 Re5 33. Bb2 Qg5 34. Qxg5 Rxg5 35. Be4 f5 36. Bc1 Rxh5 37. Bf3 Rh3 38. d6 Rxg3 39. Bd5+ Kh8 40. Bf4 Rg6 41. Bc6 Rd8 42. Rd5 Nd7 43. Bd2 Nb6 0-1

[Event "7th Iberoamerican-ch 2019"]
[Site "Linares"]
[Date "2019.08.12"]
[Round "3.33"]
[White "Castillo Gallego, Sergio"]
[Black "Guerrero Vargas, Andres Jesus"]
[Result "0-1"]
[ECO "B47"]
[WhiteElo "2203"]
[BlackElo "2331"]
[Annotator "NA"]
[PlyCount "84"]
[EventDate "2019.08.10"]
[EventType "swiss"]
[EventCountry "ESP"]
[SourceTitle "playchess.com"]
[Source "ChessBase"]
[SourceQuality "1"]
[TimeControl "5400+30"]

1. e4 c5 2. Nf3 e6 3. d4 cxd4 4. Nxd4 Nc6 5. Nc3 Qc7 6. Qd3 Nf6 7. Ndb5 Qb8 8. Qg3 d6 9. Be3 a6 10. Nd4 Bd7 11. f4 b5 12. Bd3 Be7 13. O-O b4 14. Nce2 O-O 15. Rae1 Re8 16. Kh1 Qc7 17. Ng1 g6 18. Nh3 Nh5 19. Qf3 Bf6 20. Qf2 Nxd4 21. Bxd4 Bxd4 22. Qxd4 e5 23. fxe5 dxe5 24. Qc4 Qxc4 25. Bxc4 Be6 26. Bxe6 Rxe6 27. Ng5 Rf6 28. Nf3 Rc8 29. g4 Nf4 30. Nxe5 Rxc2 31. Rc1 Rxc1 32. Rxc1 Re6 33. Rc5 Rd6 34. h4 Ne6 35. Rc8+ Kg7 36. Ra8 Rd4 37. Rxa6 Rxe4 38. Ra5 h5 39. Kg2 hxg4 40. Kg3 Re3+ 41. Kg2 Nf4+ 42. Kf2 Rxe5 0-1

[Event "7th Iberoamerican-ch 2019"]
[Site "Linares"]
[Date "2019.08.12"]
[Round "3.34"]
[White "Serarols Mabras, Bernat"]
[Black "Riquelme Valero, Manuel Damian"]
[Result "1-0"]
[ECO "A80"]
[WhiteElo "2381"]
[BlackElo "2157"]
[Annotator "NA"]
[PlyCount "65"]
[EventDate "2019.08.10"]
[EventType "swiss"]
[EventCountry "ESP"]
[SourceTitle "playchess.com"]
[Source "ChessBase"]
[SourceQuality "1"]
[TimeControl "5400+30"]

1. d4 f5 2. Nc3 Nf6 3. Bg5 d5 4. Bxf6 exf6 5. e3 Be6 6. Qf3 Qd7 7. Bb5 Nc6 8. Nge2 O-O-O 9. Nf4 Bf7 10. Nd3 g6 11. a3 Kb8 12. Nb4 Bxb4 13. axb4 Qe6 14. Bxc6 Qxc6 15. O-O Qb6 16. b5 Be8 17. Qe2 Rd6 18. Ra3 Bd7 19. Rfa1 Re8 20. Rb3 f4 21. Qf3 fxe3 22. fxe3 Rde6 23. Nxd5 Qd6 24. c4 c6 25. Nf4 Re4 26. bxc6 Bxc6 27. c5 Qe7 28. d5 Ba4 29. Rc3 Qe5 30. c6 g5 31. Nd3 Qxd5 32. c7+ Kc8 33. Rxa4 1-0

[Event "7th Iberoamerican-ch 2019"]
[Site "Linares"]
[Date "2019.08.12"]
[Round "3.35"]
[White "Luque Saiz, Andres"]
[Black "Garcia Martin, Marta"]
[Result "1/2-1/2"]
[ECO "C55"]
[WhiteElo "1988"]
[BlackElo "2335"]
[Annotator "NA"]
[PlyCount "114"]
[EventDate "2019.08.10"]
[EventType "swiss"]
[EventCountry "ESP"]
[SourceTitle "playchess.com"]
[Source "ChessBase"]
[SourceQuality "1"]
[TimeControl "5400+30"]

1. e4 e5 2. Nf3 Nc6 3. Bc4 Nf6 4. d3 h6 5. Nbd2 d6 6. O-O g6 7. c3 Bg7 8. Re1 O-O 9. Bb3 Re8 10. Nf1 Be6 11. Ng3 d5 12. d4 dxe4 13. Nxe5 Nxe5 14. dxe5 Nd7 15. Nxe4 Nxe5 16. Bxe6 Rxe6 17. Nc5 Re8 18. Bf4 b6 19. Bxe5 Qxd1 20. Raxd1 Bxe5 21. Nd3 Bd6 22. Kf1 a5 23. a4 h5 24. h3 Kf8 25. Rxe8+ Rxe8 26. Re1 Rd8 27. Ne5 Bc5 28. Ke2 Kg7 29. Nd3 Be7 30. Rd1 Bh4 31. g3 Bf6 32. Nf4 Rc8 33. Nd5 Re8+ 34. Kf3 Be5 35. Re1 Re6 36. Nf4 Re7 37. Nd3 Kf6 38. Nxe5 Rxe5 39. Rd1 Ke7 40. h4 b5 41. Rd4 bxa4 42. Rxa4 Rb5 43. b4 axb4 44. Rxb4 Rc5 45. Re4+ Kd6 46. Re3 Rf5+ 47. Ke2 Kd5 48. f4 Kc4 49. Kd2 c5 50. Kc2 Kd5 51. Re8 Rf6 52. Kd3 c4+ 53. Ke3 Ra6 54. Rd8+ Kc5 55. Rc8+ Kd5 56. Rd8+ Kc5 57. Rc8+ Kd5 {Kd4+} 1/2-1/2

[Event "7th Iberoamerican-ch 2019"]
[Site "Linares"]
[Date "2019.08.12"]
[Round "3.36"]
[White "Esquivias Quintero, Luis Manuel"]
[Black "Ingunza Curro, Andres"]
[Result "1-0"]
[ECO "A14"]
[WhiteElo "2275"]
[BlackElo "2131"]
[Annotator "NA"]
[PlyCount "131"]
[EventDate "2019.08.10"]
[EventType "swiss"]
[EventCountry "ESP"]
[SourceTitle "playchess.com"]
[Source "ChessBase"]
[SourceQuality "1"]
[TimeControl "5400+30"]

1. Nf3 Nf6 2. c4 e6 3. g3 d5 4. Bg2 Be7 5. O-O O-O 6. b3 a5 7. a3 a4 8. b4 dxc4 9. Qc2 b5 10. Bb2 Bb7 11. Nc3 c6 12. Rfd1 Na6 13. Rac1 Qb6 14. Ng5 h6 15. Nxa4 Qd8 16. Bxf6 hxg5 17. Bxe7 Qxe7 18. Nc3 Nc7 19. Qb2 f5 20. d3 cxd3 21. Rxd3 Rfd8 22. Rcd1 Ne8 23. Qb3 Nd6 24. a4 bxa4 25. Nxa4 Ba6 26. Re3 Nc4 27. Rxd8+ Rxd8 28. Rd3 Bb5 29. Nc5 Rd6 30. Qc3 e5 31. e3 e4 32. Rd4 Qe5 33. Nb3 Rxd4 34. Nxd4 Qd5 35. Qa1 Kh7 36. Qa8 Ne5 37. Qf8 Nf7 38. h3 Bc4 39. Qc8 Nd6 40. Qxc6 Qe5 41. Qc5 Qf6 42. Nxf5 Qxf5 43. Qxd6 Bd3 44. Qd4 g4 45. h4 g6 46. Qa7+ Kg8 47. Qb8+ Kf7 48. Qf4 Ke6 49. Qc7 Qd5 50. Qf4 Qf5 51. Qh6 Qf6 52. h5 gxh5 53. Qxh5 Qf5 54. Qe8+ Kd6 55. b5 Bxb5 56. Qxe4 Qg5 57. Qf4+ Qxf4 58. gxf4 Be2 59. Kh2 Ke6 60. Kg3 Kf6 61. Bb7 Kg6 62. Bc8 Kh5 63. e4 Bd1 64. Bf5 Bf3 65. e5 Kh6 66. Bxg4 1-0

[Event "7th Iberoamerican-ch 2019"]
[Site "Linares"]
[Date "2019.08.12"]
[Round "3.39"]
[White "Almagro Mazariegos, Sebastian"]
[Black "Gines Abad, Pedro"]
[Result "1-0"]
[ECO "B10"]
[WhiteElo "2268"]
[BlackElo "1964"]
[Annotator "NA"]
[PlyCount "49"]
[EventDate "2019.08.10"]
[EventType "swiss"]
[EventCountry "ESP"]
[SourceTitle "playchess.com"]
[Source "ChessBase"]
[SourceQuality "1"]
[TimeControl "5400+30"]

1. e4 c6 2. c4 d5 3. cxd5 cxd5 4. exd5 Nf6 5. Nc3 Nxd5 6. Nf3 g6 7. Bc4 Nxc3 8. Qb3 e6 9. Qxc3 Rg8 10. d4 Nc6 11. O-O Bg7 12. Be3 Bd7 13. Qd2 Qa5 14. Qe2 Ne7 15. Bg5 h6 16. Bxe7 Kxe7 17. d5 Rge8 18. Ne5 Bc8 19. Rfe1 Kf8 20. Qf3 Bxe5 21. Rxe5 exd5 22. Rxe8+ Kxe8 23. Bxd5 Bf5 24. Bxf7+ Kd8 25. Qxb7 1-0

[Event "7th Iberoamerican-ch 2019"]
[Site "Linares"]
[Date "2019.08.12"]
[Round "3.40"]
[White "Garcia Morales, Ivette Ale"]
[Black "Calzetta Ruiz, Monica"]
[Result "1/2-1/2"]
[ECO "A45"]
[WhiteElo "1998"]
[BlackElo "2257"]
[Annotator "NA"]
[PlyCount "70"]
[EventDate "2019.08.10"]
[EventType "swiss"]
[EventCountry "ESP"]
[SourceTitle "playchess.com"]
[Source "ChessBase"]
[SourceQuality "1"]
[TimeControl "5400+30"]

1. d4 Nf6 2. Bg5 Ne4 3. Bf4 c5 4. f3 Nf6 5. d5 d6 6. e4 g6 7. Qd2 h6 8. Bb5+ Bd7 9. a4 a6 10. Bc4 Bg7 11. Nc3 Qa5 12. Nd1 Qxd2+ 13. Bxd2 O-O 14. Ne2 b6 15. Ra3 Ra7 16. b4 cxb4 17. Bxb4 Rc7 18. Bd3 Rfc8 19. Ne3 Be8 20. O-O Nfd7 21. Rb1 Ne5 22. Be1 Nxd3 23. cxd3 Nd7 24. Nc4 b5 25. axb5 axb5 26. Rxb5 Ne5 27. Rb4 Nxd3 28. Rxd3 Rxc4 29. Rxc4 Rxc4 30. Bc3 f5 31. exf5 gxf5 32. Bxg7 Kxg7 33. Re3 Kf8 34. g3 Bf7 35. Nf4 Rd4 1/2-1/2

[Event "7th Iberoamerican-ch 2019"]
[Site "Linares"]
[Date "2019.08.13"]
[Round "4.1"]
[White "Anton Guijarro, David"]
[Black "Henriquez Villagra, Cristobal"]
[Result "1/2-1/2"]
[ECO "D43"]
[WhiteElo "2678"]
[BlackElo "2560"]
[Annotator "ChessBase"]
[PlyCount "95"]
[EventDate "2019.08.10"]
[EventType "swiss"]
[EventCountry "ESP"]
[SourceTitle "playchess.com"]
[Source "ChessBase"]
[SourceQuality "1"]
[TimeControl "5400+30"]

1. c4 c6 2. d4 d5 3. Nf3 Nf6 4. Nc3 e6 5. Bg5 Nbd7 6. cxd5 exd5 7. Qc2 Be7 8. e3 O-O 9. Bd3 Re8 10. O-O Nf8 11. h3 Nh5 12. Bxe7 Rxe7 13. b4 Qd6 14. b5 Bd7 15. bxc6 Bxc6 16. Rfc1 Nf6 17. Ne5 Ne6 18. a4 Rc7 19. Qb2 g6 20. Be2 Be8 21. Nb5 Bxb5 22. axb5 Rxc1+ 23. Rxc1 Nd7 24. Nd3 h5 25. Qb4 Qf8 26. Bf3 Nf6 27. Qxf8+ Kxf8 28. Nb4 Rd8 29. Ra1 a6 30. bxa6 bxa6 31. Rxa6 h4 32. Ra5 Nc7 33. Nc6 Rd6 34. Rc5 Ne6 35. Rc2 Rd7 36. Bg4 Nxg4 37. hxg4 Rb7 38. Ne5 Ng5 39. Nf3 Rb1+ 40. Kh2 Ne4 41. Nxh4 Rf1 42. f3 Nf2 43. Re2 Nd1 44. e4 dxe4 45. fxe4 Rf4 46. g3 Rxg4 47. Kh3 Rxe4 48. Rxe4 1/2-1/2

[Event "7th Iberoamerican-ch 2019"]
[Site "Linares"]
[Date "2019.08.13"]
[Round "4.2"]
[White "Plazuelo Pascual, Juan"]
[Black "Flores, Diego"]
[Result "0-1"]
[ECO "E11"]
[WhiteElo "2403"]
[BlackElo "2600"]
[Annotator "ChessBase"]
[PlyCount "98"]
[EventDate "2019.08.10"]
[EventType "swiss"]
[EventCountry "ESP"]
[SourceTitle "playchess.com"]
[Source "ChessBase"]
[SourceQuality "1"]
[TimeControl "5400+30"]

1. d4 Nf6 2. c4 e6 3. Nf3 Bb4+ 4. Bd2 a5 5. a3 Bxd2+ 6. Qxd2 d6 7. Nc3 Nbd7 8. g4 h6 9. Rg1 b6 10. O-O-O Bb7 11. h3 d5 12. Ne5 Nxe5 13. dxe5 Ne4 14. Nxe4 dxe4 15. Qxd8+ Rxd8 16. Bg2 Ke7 17. Rxd8 Rxd8 18. Rd1 Rxd1+ 19. Kxd1 a4 20. e3 c5 21. Kd2 f5 22. exf6+ gxf6 23. Ke2 f5 24. gxf5 exf5 25. f3 Ba6 26. fxe4 Bxc4+ 27. Kd2 Kf6 28. exf5 Kxf5 29. Kc3 Be6 30. Bc6 Kg5 31. Bxa4 Bxh3 32. Bc6 h5 33. b4 Bf1 34. bxc5 bxc5 35. a4 h4 36. Bd7 Kf6 37. Kd2 Ke7 38. Bf5 h3 39. Ke1 h2 40. Be4 Bd3 41. Bg2 Kd6 42. a5 Ke5 43. Kf2 Ba6 44. Ke1 Bb5 45. Kf2 c4 46. e4 c3 47. Ke3 Ba6 48. Bh1 Bb7 49. Kd3 c2 {[%emt 0:00:10] Kd4+} 0-1

[Event "7th Iberoamerican-ch 2019"]
[Site "Linares"]
[Date "2019.08.13"]
[Round "4.3"]
[White "Delgado Ramirez, Neuris"]
[Black "Salinas Herrera, Pablo"]
[Result "*"]
[WhiteElo "2605"]
[BlackElo "2498"]
[Annotator "ChessBase"]
[PlyCount "35"]
[EventDate "2019.08.10"]
[EventType "swiss"]
[EventCountry "ESP"]
[SourceTitle "playchess.com"]
[Source "ChessBase"]
[SourceQuality "1"]
[TimeControl "5400+30"]

1. e4 e5 2. Nf3 Nc6 3. Bb5 a6 4. Ba4 d6 5. Bxc6+ bxc6 6. d4 exd4 7. Nxd4 Ne7 8. Bg5 f6 9. Be3 g6 10. Nc3 Rb8 11. Qe2 Bg7 12. O-O-O Qd7 13. f4 O-O 14. Rhf1 c5 15. Nb3 Qe6 16. h3 f5 17. e5 Nc6 18. Rfe1 *

[Event "7th Iberoamerican-ch 2019"]
[Site "Linares"]
[Date "2019.08.13"]
[Round "4.4"]
[White "Vazquez Igarza, Renier"]
[Black "Escobar Forero, Alder"]
[Result "1/2-1/2"]
[ECO "B01"]
[WhiteElo "2558"]
[BlackElo "2477"]
[Annotator "ChessBase"]
[PlyCount "39"]
[EventDate "2019.08.10"]
[EventType "swiss"]
[EventCountry "ESP"]
[SourceTitle "playchess.com"]
[Source "ChessBase"]
[SourceQuality "1"]
[TimeControl "5400+30"]

1. e4 d5 2. exd5 Qxd5 3. Nc3 Qa5 4. d4 Nf6 5. Nf3 c6 6. Bc4 Bf5 7. Bd2 e6 8. Qe2 Bb4 9. O-O-O Nbd7 10. a3 Bxc3 11. Bxc3 Qc7 12. Ne5 Nd5 13. Bd2 h5 14. Rhe1 Nxe5 15. dxe5 O-O-O 16. Bg5 Rd7 17. Bd3 f6 18. Bxf5 exf5 19. exf6 gxf6 20. Bd2 1/2-1/2

[Event "7th Iberoamerican-ch 2019"]
[Site "Linares"]
[Date "2019.08.13"]
[Round "4.5"]
[White "Garriga Cazorla, Pere"]
[Black "Albornoz Cabrera, Carlos Daniel"]
[Result "1/2-1/2"]
[ECO "E32"]
[WhiteElo "2495"]
[BlackElo "2566"]
[Annotator "ChessBase"]
[PlyCount "75"]
[EventDate "2019.08.10"]
[EventType "swiss"]
[EventCountry "ESP"]
[SourceTitle "playchess.com"]
[Source "ChessBase"]
[SourceQuality "1"]
[TimeControl "5400+30"]

1. d4 Nf6 2. c4 e6 3. Nc3 Bb4 4. Qc2 O-O 5. Nf3 c5 6. dxc5 Na6 7. g3 Nxc5 8. Bg2 Nfe4 9. O-O Bxc3 10. bxc3 b6 11. Ng5 d5 12. Nxe4 dxe4 13. Bxe4 Nxe4 14. Qxe4 Ba6 15. Ba3 Re8 16. c5 Qd2 17. c4 Qc3 18. Qd3 Qxc4 19. Qxc4 Bxc4 20. Rfe1 Rec8 21. Kf1 b5 22. Rec1 a5 23. Rc2 Rd8 24. f3 Rd5 25. Kf2 Rc8 26. Rac1 Kf8 27. Ke1 Ke8 28. Ra1 f6 29. h4 Kd7 30. Rb1 Kc7 31. Bc1 Rxc5 32. Bd2 b4 33. a3 bxa3 34. Ra1 Kb7 35. Rxa3 Ka6 36. Rc1 Rb5 37. Ra4 Rbc5 38. Rca1 1/2-1/2

[Event "7th Iberoamerican-ch 2019"]
[Site "Linares"]
[Date "2019.08.13"]
[Round "4.6"]
[White "Ladron De Guevara Pinto, Paolo"]
[Black "Cruz, Cristhian"]
[Result "1/2-1/2"]
[ECO "E44"]
[WhiteElo "2416"]
[BlackElo "2562"]
[Annotator "ChessBase"]
[PlyCount "35"]
[EventDate "2019.08.10"]
[EventType "swiss"]
[EventCountry "ESP"]
[SourceTitle "playchess.com"]
[Source "ChessBase"]
[SourceQuality "1"]
[TimeControl "5400+30"]

1. d4 e6 2. c4 Nf6 3. Nc3 Bb4 4. e3 b6 5. Nge2 c5 6. a3 Ba5 7. g3 O-O 8. Bg2 d5 9. O-O Bxc3 10. Nxc3 Ba6 11. b3 Nbd7 12. Re1 dxc4 13. bxc4 cxd4 14. exd4 Bxc4 15. Bxa8 Qxa8 16. Qa4 Rc8 17. Be3 a6 18. Rac1 1/2-1/2

[Event "7th Iberoamerican-ch 2019"]
[Site "Linares"]
[Date "2019.08.13"]
[Round "4.7"]
[White "Huerga Leache, Mikel"]
[Black "Martinez Duany, Lelys Stanley"]
[Result "1-0"]
[ECO "A48"]
[WhiteElo "2440"]
[BlackElo "2535"]
[Annotator "ChessBase"]
[PlyCount "87"]
[EventDate "2019.08.10"]
[EventType "swiss"]
[EventCountry "ESP"]
[SourceTitle "playchess.com"]
[Source "ChessBase"]
[SourceQuality "1"]
[TimeControl "5400+30"]

1. d4 Nf6 2. Nf3 g6 3. c4 Bg7 4. g3 O-O 5. Bg2 c6 6. O-O d5 7. Qb3 Qb6 8. Nc3 Rd8 9. Na4 Qa6 10. cxd5 cxd5 11. Nc5 Qb6 12. Bf4 Qxb3 13. axb3 Nc6 14. Rfc1 Ne8 15. e3 f6 16. g4 Nb4 17. Ne1 b6 18. Ncd3 Nxd3 19. Nxd3 Bxg4 20. Bc7 Nxc7 21. Rxc7 e5 22. Nb4 e4 23. Nxd5 Rxd5 24. Bxe4 Rad8 25. Bxd5+ Rxd5 26. Raxa7 Bf8 27. Rcb7 Rb5 28. Kg2 Be2 29. h4 g5 30. Rb8 Rf5 31. Rd7 Bf3+ 32. Kg3 gxh4+ 33. Kxh4 Rd5 34. Rc7 Be2 35. Rcc8 Rh5+ 36. Kg3 Rg5+ 37. Kh4 Rh5+ 38. Kg3 Rg5+ 39. Kf4 Rg4+ 40. Kf5 Rg5+ 41. Kxf6 Rg6+ 42. Ke5 Rg5+ 43. Kf4 Rg4+ {[%emt 0:00:08] Ke4} 44. Kf5 1-0

[Event "7th Iberoamerican-ch 2019"]
[Site "Linares"]
[Date "2019.08.13"]
[Round "4.8"]
[White "Sosa, Tomas"]
[Black "Aizpurua, Patrick"]
[Result "1-0"]
[ECO "C84"]
[WhiteElo "2516"]
[BlackElo "2243"]
[Annotator "ChessBase"]
[PlyCount "88"]
[EventDate "2019.08.10"]
[EventType "swiss"]
[EventCountry "ESP"]
[SourceTitle "playchess.com"]
[Source "ChessBase"]
[SourceQuality "1"]
[TimeControl "5400+30"]

1. e4 e5 2. Nf3 Nc6 3. Bb5 a6 4. Ba4 Nf6 5. O-O Be7 6. d3 b5 7. Bb3 d6 8. a4 Bd7 9. c3 O-O 10. Bc2 d5 11. exd5 Nxd5 12. Re1 Bd6 13. Nbd2 Nf6 14. Nf1 h6 15. Ng3 Bc5 16. h3 Re8 17. axb5 axb5 18. Rxa8 Qxa8 19. Nh4 b4 20. Nhf5 bxc3 21. bxc3 Ne7 22. Nxg7 Kxg7 23. d4 exd4 24. Nh5+ Nxh5 25. Qxh5 Qc6 26. Re5 Nf5 27. Rxe8 Bxe8 28. Qxf5 dxc3 29. Qh7+ Kf8 30. Bxh6+ Ke7 31. Bg5+ Kd6 32. Qd3+ Qd5 33. Bf4+ Ke6 34. Qxc3 Kd7 35. Bb3 Qd4 36. Qf3 c6 37. h4 f5 38. Bc2 Qf6 39. Qd3+ Bd4 40. Be3 c5 41. Ba4+ Ke6 42. Qa6+ Kd5 43. Bb3+ Ke4 44. Qe2 f4 1-0

[Event "7th Iberoamerican-ch 2019"]
[Site "Linares"]
[Date "2019.08.13"]
[Round "4.9"]
[White "Zambrana, Oswaldo"]
[Black "Cori, Jorge"]
[Result "1/2-1/2"]
[ECO "B41"]
[WhiteElo "2440"]
[BlackElo "2686"]
[Annotator "ChessBase"]
[PlyCount "103"]
[EventDate "2019.08.10"]
[EventType "swiss"]
[EventCountry "ESP"]
[SourceTitle "playchess.com"]
[Source "ChessBase"]
[SourceQuality "1"]
[TimeControl "5400+30"]

1. e4 c5 2. Nf3 e6 3. d4 cxd4 4. Nxd4 a6 5. c4 Nf6 6. Nc3 Qc7 7. a3 b6 8. Be3 Bb7 9. f3 d6 10. Rc1 Nbd7 11. Be2 Be7 12. O-O O-O 13. b4 Rac8 14. Qd2 Qb8 15. Kh1 Bd8 16. Bg1 Bc7 17. Rc2 Rfe8 18. Rb1 Qa8 19. a4 Red8 20. Qc1 h6 21. Nb3 d5 22. cxd5 exd5 23. Nxd5 Nxd5 24. exd5 Bd6 25. Nd4 Bxd5 26. Bc4 Bxc4 27. Rxc4 Ne5 28. Rxc8 Rxc8 29. Qd1 Bf8 30. Qe2 Nc4 31. Rc1 Nd6 32. Rxc8 Qxc8 33. b5 axb5 34. Nxb5 Nc4 35. g3 Qa8 36. Nc3 Bb4 37. Ne4 Qc6 38. Kg2 Ba5 39. Nc5 Nd2 40. Ne4 Nc4 41. Nc5 Nd6 42. Ne4 Nf5 43. Qb5 Qxb5 44. axb5 Kf8 45. g4 Ne7 46. Nd6 Nd5 47. Nc4 Ke8 48. Bd4 f6 49. Kg3 Be1+ 50. Kg2 Nc7 51. Nd6+ Ke7 52. Nf5+ 1/2-1/2

[Event "7th Iberoamerican-ch 2019"]
[Site "Linares"]
[Date "2019.08.13"]
[Round "4.10"]
[White "Cori T., Deysi"]
[Black "Vallejo Pons, Francisco"]
[Result "0-1"]
[ECO "A57"]
[WhiteElo "2405"]
[BlackElo "2687"]
[Annotator "ChessBase"]
[PlyCount "64"]
[EventDate "2019.08.10"]
[EventType "swiss"]
[EventCountry "ESP"]
[SourceTitle "playchess.com"]
[Source "ChessBase"]
[SourceQuality "1"]
[TimeControl "5400+30"]

1. d4 Nf6 2. c4 c5 3. d5 b5 4. cxb5 a6 5. b6 d6 6. Nc3 Nbd7 7. a4 Qxb6 8. Nf3 g6 9. a5 Qb7 10. e4 Bg7 11. Be2 O-O 12. Nd2 Ne8 13. Ra3 Nc7 14. h4 Nb5 15. Nxb5 axb5 16. h5 c4 17. b4 cxb3 18. Nxb3 b4 19. Ra2 Bc3+ 20. Kf1 Nf6 21. Qd3 e6 22. Bd2 exd5 23. a6 Qb6 24. exd5 Bf5 25. Qe3 Qxe3 26. fxe3 Nxd5 27. Ra5 Nf6 28. Bxc3 bxc3 29. Nd4 Ne4 30. Rh4 Rfc8 31. Bf3 Nd2+ 32. Ke2 Nxf3 0-1

[Event "7th Iberoamerican-ch 2019"]
[Site "Linares"]
[Date "2019.08.13"]
[Round "4.11"]
[White "Salgado Lopez, Ivan"]
[Black "Valenzuela Gomez, Fernando"]
[Result "*"]
[WhiteElo "2596"]
[BlackElo "2394"]
[Annotator "ChessBase"]
[PlyCount "30"]
[EventDate "2019.08.10"]
[EventType "swiss"]
[EventCountry "ESP"]
[SourceTitle "playchess.com"]
[Source "ChessBase"]
[SourceQuality "1"]
[TimeControl "5400+30"]

1. d4 g6 2. e4 Bg7 3. c4 e6 4. Nc3 Ne7 5. Bg5 h6 6. Bh4 d5 7. cxd5 exd5 8. exd5 g5 9. Bg3 Nxd5 10. Bc4 Nxc3 11. bxc3 O-O 12. h4 c5 13. hxg5 cxd4 14. gxh6 Bf6 15. Qh5 Kh8 *

[Event "7th Iberoamerican-ch 2019"]
[Site "Linares"]
[Date "2019.08.13"]
[Round "4.13"]
[White "Fier, Alexandr"]
[Black "Mieles Palau, Daniel"]
[Result "1-0"]
[ECO "A13"]
[WhiteElo "2547"]
[BlackElo "2359"]
[Annotator "ChessBase"]
[PlyCount "91"]
[EventDate "2019.08.10"]
[EventType "swiss"]
[EventCountry "ESP"]
[SourceTitle "playchess.com"]
[Source "ChessBase"]
[SourceQuality "1"]
[TimeControl "5400+30"]

1. c4 e6 2. Nf3 d5 3. g3 dxc4 4. Qa4+ c6 5. Qxc4 b5 6. Qc2 Bb7 7. Bg2 Nd7 8. O-O Rc8 9. a4 a6 10. Nc3 Ngf6 11. d3 Be7 12. e4 O-O 13. h3 b4 14. Nb1 b3 15. Qe2 a5 16. d4 c5 17. Nc3 Qb6 18. Rd1 Rfe8 19. dxc5 Nxc5 20. Nd4 Ba6 21. Qe3 Nd3 22. Rxd3 Bxd3 23. Qxd3 Red8 24. Be3 Bc5 25. Qb5 Rxd4 26. e5 Nd5 27. Bxd5 exd5 28. Bxd4 Bxd4 29. Qxb6 Bxb6 30. Nxd5 Bc5 31. Kg2 Bf8 32. Ne3 Rb8 33. Nc4 Bb4 34. Rd1 Rc8 35. Nb6 Re8 36. Rd3 g5 37. Nd7 Rc8 38. Rxb3 Rc2 39. Rd3 Rxb2 40. Nf6+ Kg7 41. Rd8 Bf8 42. Ra8 Rc2 43. Nh5+ Kg8 44. Rxa5 h6 45. Ra8 Rc5 46. a5 1-0